[ AOE2 MATCH · #495807582 ]
UnrankedBohemians vs Byzantines
Player's team · LOSS
[ REPLAY ANALYSIS · EXTRACTED FROM THE RECORDED GAME ]
Feudal
8:54
Castle
24:02
Imperial
37:54
| APM avg | 46.2 |
| APM peak | 115 |
| eAPM avg | 28.7 |
| Villagers / military | 245 / 531 |
Focus
⚔️ 46.7% · 🌾 53.3%
Spearman ×290 · Archer ×157 · Bombard Cannon ×32 · Skirmisher ×28 · Knight ×7 · Monk ×6
Feudal
9:24
Castle
22:51
Imperial
37:56
| APM avg | 41.2 |
| APM peak | 94 |
| eAPM avg | 27.6 |
| Villagers / military | 144 / 451 |
Focus
⚔️ 59.3% · 🌾 40.7%
Skirmisher ×173 · Knight ×147 · Scout Cavalry ×113 · Trebuchet (Packed) ×7 · Militia ×5 · Monk ×4
Match map
Initial resources + every placement click. Lines = walls · curves = elevation contours. ◆ gold · ⬟ stone · ● berries · ✦ relic · ◌ wall gap
Your base· ✓ Closed at 24:02 · 28t walls · 1 gate(s)
Tim_Boww's base· ✓ Closed at 22:51 · 40t walls · 1 gate(s)
Smoothed initial terrain · ◌ = detected wall gap · hover for details
Inputs per minute
— Lucsor - - Tim_Boww
Build order — Lucsor
First 150 of 801 actions detected
| 0:01 | Queue | Villager (Male) ×4 |
| 0:01 | Queue | Villager (Male) ×4 |
| 0:02 | Build | House |
| 0:04 | Build | House |
| 1:23 | Queue | Villager (Male) |
| 1:24 | Queue | Villager (Male) |
| 2:03 | Queue | Villager (Male) |
| 2:03 | Queue | Villager (Male) |
| 2:05 | Build | Lumber Camp |
| 2:15 | Queue | Villager (Male) |
| 2:15 | Queue | Villager (Male) |
| 2:46 | Queue | Villager (Male) |
| 2:47 | Queue | Villager (Male) |
| 3:02 | Queue | Villager (Male) |
| 3:02 | Queue | Villager (Male) |
| 3:42 | Queue | Villager (Male) |
| 3:42 | Queue | Villager (Male) |
| 3:45 | Build | House |
| 3:49 | Queue | Villager (Male) |
| 3:49 | Queue | Villager (Male) |
| 4:35 | Queue | Villager (Male) |
| 4:35 | Queue | Villager (Male) |
| 4:39 | Build | Barracks |
| 4:47 | Queue | Villager (Male) |
| 4:47 | Queue | Villager (Male) |
| 4:48 | Queue | Villager (Male) |
| 5:18 | Build | House |
| 5:30 | Queue | Villager (Male) |
| 5:30 | Queue | Villager (Male) |
| 5:38 | Queue | Villager (Male) |
| 5:38 | Queue | Villager (Male) |
| 5:58 | Research | Loom |
| 6:05 | Build | Palisade Wall |
| 6:44 | Research | Feudal Age |
| 6:45 | Research | Feudal Age |
| 6:53 | Build | Mining Camp |
| 7:21 | Queue | Militia |
| 7:21 | Queue | Militia |
| 7:32 | Build | Palisade Wall |
| 7:36 | Queue | Militia |
| 7:37 | Queue | Militia |
| 7:59 | Build | House |
| 8:06 | Build | Palisade Wall |
| 8:08 | Build | Palisade Wall |
| 8:10 | Queue | Militia |
| 8:10 | Queue | Militia |
| 8:15 | Queue | Villager (Male) |
| 8:15 | Queue | Villager (Male) |
| 8:30 | Build | Mill |
| 8:41 | Build | House |
| 8:54 | Age | Feudal Age |
| 8:57 | Research | Man-at-Arms (upgrade) |
| 8:58 | Research | Man-at-Arms (upgrade) |
| 9:31 | Queue | Villager (Male) |
| 9:31 | Queue | Villager (Male) |
| 9:32 | Queue | Villager (Male) |
| 9:34 | Build | Archery Range |
| 10:09 | Queue | Villager (Male) |
| 10:09 | Queue | Villager (Male) |
| 10:28 | Build | Gate |
| 10:29 | Queue | Villager (Male) |
| 10:29 | Queue | Villager (Male) |
| 10:43 | Queue | Villager (Male) |
| 10:43 | Queue | Villager (Male) |
| 10:51 | Queue | Archer |
| 10:51 | Queue | Archer |
| 10:52 | Queue | Archer |
| 10:54 | Build | Stone Wall |
| 10:56 | Build | Stone Wall |
| 11:13 | Queue | Villager (Male) |
| 11:14 | Queue | Villager (Male) |
| 11:14 | Queue | Villager (Male) |
| 11:46 | Queue | Villager (Male) |
| 11:47 | Queue | Villager (Male) |
| 11:49 | Build | Blacksmith |
| 11:50 | Queue | Archer |
| 11:50 | Queue | Archer |
| 11:50 | Queue | Archer |
| 11:59 | Queue | Villager (Male) |
| 11:59 | Queue | Villager (Male) |
| 12:04 | Build | Market |
| 12:05 | Build | House |
| 12:09 | Queue | Archer |
| 12:10 | Queue | Archer |
| 12:27 | Queue | Villager (Male) |
| 12:27 | Queue | Villager (Male) |
| 12:34 | Queue | Archer |
| 12:52 | Build | House |
| 12:58 | Queue | Archer |
| 13:12 | Research | Fletching |
| 13:13 | Queue | Villager (Male) |
| 13:18 | Build | House |
| 13:20 | Build | House |
| 13:28 | Queue | Archer |
| 13:32 | Queue | Villager (Male) |
| 13:33 | Queue | Villager (Male) |
| 13:39 | Queue | Skirmisher |
| 13:51 | Build | Farm |
| 13:59 | Queue | Skirmisher |
| 14:07 | Queue | Villager (Male) |
| 14:07 | Queue | Villager (Male) |
| 14:23 | Build | Farm |
| 14:35 | Queue | Archer |
| 14:48 | Build | Lumber Camp |
| 14:50 | Queue | Archer |
| 14:52 | Queue | Villager (Male) |
| 14:57 | Build | Farm |
| 15:12 | Build | Farm |
| 15:13 | Queue | Villager (Male) |
| 15:14 | Queue | Villager (Male) |
| 15:25 | Queue | Skirmisher |
| 15:35 | Queue | Skirmisher |
| 15:46 | Build | Farm |
| 15:51 | Queue | Villager (Male) |
| 16:01 | Build | Farm |
| 16:04 | Queue | Villager (Male) |
| 16:16 | Build | Farm |
| 16:25 | Queue | Archer |
| 16:28 | Queue | Villager (Male) |
| 16:35 | Build | House |
| 16:36 | Build | House |
| 16:49 | Research | Horse Collar |
| 16:49 | Research | Horse Collar |
| 16:50 | Research | Horse Collar |
| 16:53 | Build | Farm |
| 16:59 | Queue | Archer |
| 17:05 | Build | Farm |
| 17:17 | Queue | Villager (Male) |
| 17:17 | Queue | Villager (Male) |
| 17:31 | Queue | Archer |
| 17:45 | Queue | Villager (Male) |
| 17:46 | Queue | Villager (Male) |
| 17:54 | Build | Archery Range |
| 17:58 | Build | Gate |
| 18:00 | Queue | Villager (Male) |
| 18:00 | Queue | Villager (Male) |
| 18:04 | Queue | Skirmisher |
| 18:06 | Queue | Villager (Male) |
| 18:06 | Queue | Villager (Male) |
| 18:17 | Research | Padded Archer Armor |
| 18:20 | Queue | Villager (Male) |
| 18:20 | Queue | Villager (Male) |
| 18:25 | Build | Archery Range |
| 18:28 | Queue | Skirmisher |
| 18:28 | Queue | Skirmisher |
| 18:35 | Build | Farm |
| 18:46 | Queue | Villager (Male) |
| 18:47 | Queue | Villager (Male) |
| 18:47 | Queue | Villager (Male) |
| 18:56 | Queue | Skirmisher |
Build order — Tim_Boww
First 150 of 844 actions detected
| 0:01 | Queue | Villager (Male) |
| 0:01 | Queue | Villager (Male) |
| 0:02 | Build | House |
| 0:03 | Build | House |
| 0:12 | Queue | Villager (Male) |
| 0:19 | Queue | Villager (Male) |
| 1:28 | Queue | Villager (Male) |
| 1:46 | Build | Lumber Camp |
| 2:08 | Queue | Villager (Male) |
| 2:17 | Queue | Villager (Male) |
| 2:51 | Queue | Villager (Male) |
| 3:15 | Queue | Villager (Male) |
| 3:44 | Queue | Villager (Male) |
| 4:01 | Build | House |
| 4:07 | Queue | Villager (Male) |
| 4:23 | Queue | Villager (Male) |
| 5:09 | Queue | Villager (Male) |
| 5:11 | Queue | Villager (Male) |
| 5:28 | Queue | Villager (Male) |
| 5:40 | Build | Barracks |
| 5:41 | Build | House |
| 6:04 | Queue | Villager (Male) |
| 6:05 | Research | Loom |
| 7:00 | Build | Mining Camp |
| 7:13 | Research | Feudal Age |
| 7:23 | Queue | Militia |
| 7:24 | Queue | Militia |
| 7:47 | Queue | Militia |
| 8:05 | Queue | Militia |
| 8:19 | Build | House |
| 8:25 | Queue | Militia |
| 9:04 | Queue | Villager (Male) |
| 9:24 | Age | Feudal Age |
| 9:27 | Research | Man-at-Arms (upgrade) |
| 9:32 | Build | Palisade Wall |
| 9:39 | Build | Palisade Wall |
| 9:45 | Build | Palisade Wall |
| 9:46 | Build | Palisade Wall |
| 9:47 | Build | Palisade Wall |
| 9:47 | Build | Palisade Wall |
| 9:57 | Build | Palisade Wall |
| 10:01 | Build | Palisade Wall |
| 10:06 | Build | Palisade Wall |
| 10:39 | Build | Mill |
| 10:45 | Build | Archery Range |
| 10:47 | Build | House |
| 11:05 | Research | Arson |
| 11:12 | Research | Double-Bit Axe |
| 11:30 | Build | Farm |
| 11:32 | Build | Farm |
| 11:35 | Build | Farm |
| 11:46 | Queue | Villager (Male) |
| 11:57 | Queue | Skirmisher |
| 12:01 | Queue | Archer |
| 12:07 | Build | Farm |
| 12:11 | Build | Farm |
| 12:16 | Build | Palisade Wall |
| 12:22 | Queue | Villager (Male) |
| 12:37 | Build | Farm |
| 12:42 | Queue | Villager (Male) |
| 12:52 | Queue | Skirmisher |
| 13:19 | Queue | Skirmisher |
| 13:20 | Queue | Villager (Male) |
| 13:44 | Queue | Skirmisher |
| 13:50 | Queue | Villager (Male) |
| 13:51 | Queue | Villager (Male) |
| 13:53 | Build | Blacksmith |
| 13:59 | Build | House |
| 14:01 | Build | House |
| 14:09 | Queue | Skirmisher |
| 14:20 | Build | House |
| 14:23 | Build | Palisade Wall |
| 14:35 | Research | Fletching |
| 14:35 | Research | Fletching |
| 14:38 | Queue | Skirmisher |
| 14:49 | Build | Farm |
| 14:50 | Queue | Villager (Male) |
| 15:09 | Queue | Villager (Male) |
| 15:18 | Build | Palisade Wall |
| 15:22 | Build | Palisade Wall |
| 15:31 | Queue | Villager (Male) |
| 15:37 | Queue | Skirmisher |
| 15:48 | Queue | Skirmisher |
| 15:49 | Queue | Villager (Male) |
| 15:59 | Build | Farm |
| 16:01 | Build | Farm |
| 16:03 | Build | Farm |
| 16:11 | Queue | Villager (Male) |
| 16:19 | Research | Padded Archer Armor |
| 16:19 | Research | Padded Archer Armor |
| 16:32 | Build | Farm |
| 16:33 | Build | Farm |
| 16:40 | Build | House |
| 16:44 | Build | House |
| 16:50 | Queue | Skirmisher |
| 16:51 | Queue | Villager (Male) |
| 17:22 | Queue | Villager (Male) |
| 17:22 | Queue | Villager (Male) |
| 17:44 | Queue | Skirmisher |
| 17:45 | Queue | Villager (Male) |
| 18:14 | Queue | Villager (Male) |
| 18:20 | Build | Farm |
| 18:22 | Build | Farm |
| 18:25 | Build | Farm |
| 18:26 | Build | Farm |
| 18:27 | Build | Farm |
| 19:05 | Queue | Villager (Male) |
| 19:11 | Build | Stable |
| 19:44 | Queue | Villager (Male) |
| 19:49 | Build | Farm |
| 19:55 | Build | Farm |
| 20:12 | Research | Castle Age |
| 20:30 | Build | Stable |
| 20:31 | Research | Horse Collar |
| 20:41 | Build | Farm |
| 20:49 | Research | Scale Barding Armor |
| 21:07 | Research | Gold Mining |
| 21:21 | Research | Forging |
| 21:22 | Research | Forging |
| 21:37 | Build | Farm |
| 21:44 | Build | Lumber Camp |
| 21:45 | Build | Farm |
| 22:17 | Build | Palisade Gate |
| 22:34 | Queue | Villager (Male) |
| 22:51 | Age | Castle Age |
| 22:53 | Queue | Knight |
| 22:54 | Queue | Knight |
| 23:03 | Research | Bodkin Arrow |
| 23:10 | Queue | Villager (Male) |
| 23:21 | Queue | Knight |
| 23:21 | Queue | Knight |
| 23:22 | Queue | Villager (Male) |
| 23:42 | Build | Town Center |
| 23:48 | Queue | Villager (Male) |
| 23:57 | Build | Siege Workshop |
| 24:09 | Research | Husbandry |
| 24:13 | Build | Farm |
| 24:14 | Queue | Villager (Male) |
| 25:00 | Queue | Villager (Male) |
| 25:17 | Queue | Villager (Male) |
| 25:26 | Build | House |
| 25:28 | Queue | Knight |
| 25:29 | Queue | Knight |
| 25:31 | Queue | Villager (Male) |
| 25:34 | Build | Farm |
| 25:35 | Build | Farm |
| 25:35 | Build | Farm |
| 25:35 | Build | Farm |
| 25:35 | Build | Farm |
| 25:38 | Research | Bow Saw |
Match timeline
| 4:39 | Lucsor · first_building Barracks |
| 5:40 | Tim_Boww · first_building Barracks |
| 6:05 | Lucsor · wall_segment Palisade Wall x5 |
| 7:32 | Lucsor · wall_segment Palisade Wall x3 |
| 8:06 | Lucsor · wall_segment Palisade Wall x12 |
| 8:08 | Lucsor · wall_segment Palisade Wall x7 |
| 8:54 | Lucsor · age_up feudal |
| 9:24 | Tim_Boww · age_up feudal |
| 9:32 | Tim_Boww · wall_segment Palisade Wall x1 |
| 9:34 | Lucsor · first_building Archery Range |
| 9:39 | Tim_Boww · wall_segment Palisade Wall x2 |
| 9:45 | Tim_Boww · wall_segment Palisade Wall x1 |
| 9:46 | Tim_Boww · wall_segment Palisade Wall x1 |
| 9:47 | Tim_Boww · wall_segment Palisade Wall x1 |
| 9:47 | Tim_Boww · wall_segment Palisade Wall x1 |
| 9:57 | Tim_Boww · wall_segment Palisade Wall x1 |
| 10:01 | Tim_Boww · wall_segment Palisade Wall x1 |
| 10:06 | Tim_Boww · wall_segment Palisade Wall x1 |
| 10:45 | Tim_Boww · first_building Archery Range |
| 10:54 | Lucsor · wall_segment Stone Wall x1 |
| 10:56 | Lucsor · wall_segment Stone Wall x1 |
| 12:16 | Tim_Boww · wall_segment Palisade Wall x5 |
| 14:23 | Tim_Boww · wall_segment Palisade Wall x8 |
| 15:18 | Tim_Boww · wall_segment Palisade Wall x5 |
| 15:22 | Tim_Boww · wall_segment Palisade Wall x12 |
| 19:11 | Tim_Boww · first_building Stable |
| 20:09 | Lucsor · first_market_buy 100 food |
| 21:04 | Lucsor · first_market_sell 100 stone |
| 22:51 | Tim_Boww · age_up castle |
| 23:57 | Tim_Boww · first_building Siege Workshop |
| 24:02 | Lucsor · age_up castle |
| 26:10 | Lucsor · first_building Stable |
| 27:06 | Tim_Boww · first_building Monastery |
| 28:10 | Lucsor · first_building Monastery |
| 29:13 | Lucsor · wall_segment Stone Wall x1 |
| 31:50 | Tim_Boww · first_market_buy 100 stone |
| 34:44 | Tim_Boww · first_market_sell 500 wood |
| 35:06 | Lucsor · first_building Castle |
| 36:40 | Lucsor · wall_segment Stone Wall x21 |
| 36:49 | Lucsor · wall_segment Stone Wall x10 |
| 37:40 | Lucsor · first_building Siege Workshop |
| 37:54 | Lucsor · age_up imperial |
| 37:56 | Tim_Boww · age_up imperial |
| 37:57 | Lucsor · wall_segment Stone Wall x1 |
| 38:28 | Tim_Boww · first_building Castle |
| 38:52 | Lucsor · wall_segment Stone Wall x1 |
| 41:25 | Tim_Boww · wall_segment Stone Wall x14 |
| 60:11 | Lucsor · resign |
[ AI ANALYSIS · 1 CREDIT ]
What really happened in this match?
Wolo.gg analyzes every decision: build order, eco, micro, common mistakes by bracket. Personalized analysis on WhatsApp or Discord in 30 seconds.
Civ guide
Bohemians
Perfil
Jugador #235535